 Dungeon Crawl Stone Soup version 0.31-a0-145-g046c7d2549 (webtiles) character file.

Game seed: 10554579619927169979

28548 holysushi the Thaumaturge (level 13, -6/81 HPs)
             Began as a Djinni Monk on June 5, 2023.
             Was an Initiate of Yredelemnul.
             Mangled by a black mamba (16 damage)
             ... on level 2 of the Lair of Beasts on June 6, 2023.
             The game lasted 00:46:21 (18976 turns).

holysushi the Thaumaturge (Djinni Monk)            Turns: 18976, Time: 00:46:21

Health: -6/81      AC: 12    Str: 10    XL:     13   Next: 74%
Gold:   694        EV: 18    Int: 18    God:    Yredelemnul [......] SH:  7 Dex: 19

rFire   + + +        h - +1 dagger (distort)
rCold   + . .        y - +2 buckler
rNeg    . . .        p - +2 robe {Will+}
rPois   ∞            t - +2 helmet of Daffodils {Harm rF- Regen+}
rElec   .            C - +2 cloak
rCorr   .            b - +1 pair of gloves
SInv    .            (boots unavailable)
Will    ++...        D - amulet "Jemmuch" {RegenMP rF++ rC+ Int+4 Stlth+}
Stlth   ++++         g - ring of protection from cold
HPRegen 1.13/turn    (no ring)
MPRegen 0.00/turn

%: harm (+30% outgoing, +20% incoming), infuse magic (-7 HP)
@: freezing walls, flying, invisible
A: sickness immunity, fire resistance 2, cold vulnerability 1, float, innate
caster, HP casting, extra vitality 1
a: Renounce Religion, Recall Undead Harvest


You were on level 2 of the Lair of Beasts.
You worshipped Yredelemnul.
Yredelemnul was noncommittal.
You visited 2 branches of the dungeon, and saw 15 of its levels.

You collected 1066 gold pieces.
You spent 372 gold pieces at shops.

Inventory:

Hand Weapons
 h - a +1 dagger of distortion (weapon)
 j - a +0 rapier of venom
 L - a +1 falchion of electrocution
 O - a +4 long sword of electrocution
 S - the +7 Throatcutter {drain, coup de grace}
   (You found it on level 4 of the Dungeon)
Missiles
 R - a throwing net (quivered)
Armour
 b - a +1 pair of gloves (worn)
 d - an orb of light
 k - a +0 helmet
 p - a +2 robe of willpower (worn)
 t - the +2 helmet of Daffodils (worn) {Harm rF- Regen+}
   (You bought it in a shop on level 12 of the Dungeon)

   rF:        It makes you vulnerable to fire.
   Regen:     It increases your rate of health regeneration.
   Harm:      It increases damage dealt and taken.
 y - a +2 buckler (worn)
 C - a +2 cloak (worn)
 E - +0 steam dragon scales
 U - a +1 robe of cold resistance
Jewellery
 g - a ring of protection from cold (left hand)
 o - an amulet of faith
 B - a ring of fire
 D - the amulet "Jemmuch" (around neck) {RegenMP rF++ rC+ Int+4 Stlth+}
   (You took it off a centaur on level 8 of the Dungeon)

   [amulet of magic regeneration]

   It increases your rate of magic regeneration.
   Int:       It affects your intelligence (+4).
   rF:        It greatly protects you from fire.
   rC:        It protects you from cold.
   Stlth:     It makes you more stealthy.
 K - a ring of ice
Wands
 v - a wand of acid (18)
 F - a wand of flame (1)
 M - a wand of digging (6)
Scrolls
 e - 3 scrolls of magic mapping
 i - 4 scrolls of enchant weapon
 l - 3 scrolls of immolation
 q - 3 scrolls of poison
 w - a scroll of blinking
 I - 2 scrolls of enchant armour
 J - 3 scrolls of identify
 N - 3 scrolls of fog
 T - a scroll of teleportation
Potions
 a - 4 potions of curing
 c - 2 potions of ambrosia
 f - 5 potions of cancellation
 m - 5 potions of mutation
 r - 2 potions of resistance
 s - a potion of enlightenment
 u - 2 potions of berserk rage
 z - 2 potions of lignification {unknown}
 A - 2 potions of haste {unknown}
 G - 4 potions of attraction
 H - a potion of brilliance {unknown}
 Q - 2 potions of might
Miscellaneous
 P - a phial of floods (inert)


   Skills:
 - Level 3.0 Fighting
 - Level 4.0 Short Blades
 - Level 10.0 Dodging
 - Level 4.0 Stealth
 - Level 2.0 Shields
 + Level 14.5 Spellcasting
 + Level 14.5 Conjurations
 + Level 14.5 Hexes
 + Level 14.5 Summonings
 + Level 14.5 Necromancy
 + Level 14.5 Translocations
 + Level 14.5 Transmutations
 + Level 14.5 Fire Magic
 + Level 14.5 Ice Magic
 + Level 14.5 Air Magic
 + Level 14.5 Earth Magic
 + Level 14.5 Poison Magic
 - Level 3.0 Invocations
 - Level 2.0 Evocations


You knew the following spells:

 Your Spells              Type           Power      Damage    Failure   Level
a - Summon Small Mammal   Summ           100%       N/A       1%          1
b - Blink                 Tloc           100%       N/A       1%          2
c - Wereblood             Tmut           60%        N/A       1%          2
d - Frozen Ramparts       Ice            100%       1d16      1%          3
e - Flame Wave            Conj/Fire      60%        2d14      1%          4
f - Agony                 Necr           60%        N/A       1%          5
Your spell library was empty.

Dungeon Overview and Level Annotations

Branches:
Dungeon (13/15) Zot: 25934  Temple (0/1) D:5            Lair (2/5) D:10 Zot: 9645
    Orc (0/2) D:12
  Swamp: Lair:2-3    Shoals: Lair:2-3     Snake: Lair:2-3    Spider: Lair:2-3
 Vaults: D:13-14

Altars:
Dithmenos
Fedhas
Gozag
Hepliaklqana
Makhleb
Okawaru
Qazlal
Trog
Xom
Yredelemnul
The Shining One
Jiyva

Shops:
D:3 (   D:7 !   D:12 ((*

Portals:
Trove: D:11 (give +6 demon whip)

Annotations:
D:4 3 runed translucent doors, BlueFish's ghost, amateur OpFi
Abyss:1 Eustachio; Harold


Innate Abilities, Weirdness & Mutations

You are immune to sickness and miasma.
You are immune to poison.
Your flesh is very heat resistant. (rF++)
You are vulnerable to cold. (rC-)
You float through the air rather than walking.
You learn spells naturally, not from books.
Your magical power is your life essence.
You have superior vitality. (+4 MHP)


Message History

The cane toad is almost dead.
The cane toad stings you!!
* * * LOW HITPOINT WARNING * * *
The wall freezes the cane toad but does no damage.
The cane toad closely misses you.
You hit the cane toad.
The cane toad is almost dead.
The cane toad blinks!
A bullfrog comes into view.
The wall freezes the black mamba but does no damage.
The wall freezes the bullfrog.
You kill the bullfrog!
The dead are hopping!
The black mamba misses you.
The wall freezes the cane toad.
The cane toad seems to slow down.
The cane toad misses you.
Casting: Agony (dangerous; 1% risk of failure)
Confirm with . or Enter, or press ? or * to list all spells.
Aiming: Agony (dangerous; 1% risk of failure)
Press: ? - help, Shift-Dir - straight line, f - cane toad
Aim: a cane toad (moderately wounded, slow, chance to affect: 99%)
The cane toad convulses!
* * * LOW HITPOINT WARNING * * *
The black mamba closely misses you.
You fade into invisibility!
The black mamba bites you.
* * * LOW HITPOINT WARNING * * *
The cane toad barely misses you.
The wall freezes the cane toad.
The cane toad seems to slow down.
Your bullfrog zombie hits the black mamba.
The black mamba bites your bullfrog zombie!
The wall freezes the cane toad!
You block the cane toad's attack. The cane toad stings you.
* * * LOW HITPOINT WARNING * * *
You feel much better. The black mamba bites you!
* * * LOW HITPOINT WARNING * * *
Your bullfrog zombie barely misses the black mamba.
The cane toad stings your bullfrog zombie!!
The black mamba bites you!
You die...
Your body rises from the dead as a mindless zombie.

#^# ##. #.# ##.. .
##.# ####... ..
#..###.#P... #..
##..#.#...... #$.
##..#.......## ^.
##..##..#...##
...##F####...######..#
?...F..@F.^.## ####
.....ZSF....#
#..........##
##........##
##########


You could see a black mamba (unable to see you, ally target), 3 cane toads, a
bullfrog (unable to see you) and a friendly bullfrog zombie.

Vanquished Creatures
  A hydra (Lair:2)
  Fannar (Lair:1)
  2 centaur warriors (D:13)
  5 death yaks (Lair:1)
  A cyclops (D:12)
  An ugly thing (D:12)
  A manticore (D:12)
  A cane toad (Lair:1)
  Maggie (D:7)
  A komodo dragon (D:10)
  A tengu conjurer (D:13)
  3 trolls
  2 polar bears
  3 blink frogs (Lair:1)
  3 slime creatures
  2 wyverns
  A wraith (D:13)
  8 yaks (D:9)
  2 basilisks
  4 steam dragons
  5 vampire mosquitoes
  An acid dragon (D:12)
  A warg (D:10)
  4 water moccasins
  An ice beast (D:6)
  A sky beast (D:6)
  5 orc warriors
  2 centaurs
  A kobold brigand (D:4)
  9 bullfrogs
  2 scorpions (D:4)
  12 killer bees
  3 howler monkeys
  4 electric eels
  5 hounds
  6 jellies
  10 orc priests
  A gnoll bouda (D:9)
  4 iguanas
  10 orc wizards
  Natasha (D:2)
  3 hell rats (Lair:1)
  A hound zombie (D:4)
  Robin (D:3)
  2 adders
  2 gnolls (D:9)
  A shadow imp (D:6)
  3 white imps
  An ufetubus (D:10)
  An adder zombie (D:4)
  A worm (D:2)
  3 dart slugs
  30 orcs
  6 ball pythons
  6 endoplasms
  4 giant cockroaches
  11 goblins
  10 hobgoblins
  4 jackals
  12 kobolds
  A quokka (D:1)
  4 frilled lizards
  4 rats
243 creatures vanquished.

Vanquished Creatures (collateral kills)
  Erolcha (D:11)
  A boulder beetle (D:13)
  2 death yaks (Lair:1)
  3 cane toads (Lair:1)
  An unseen horror (D:11)
  A rime drake (Lair:1)
  2 komodo dragons
  A troll (D:13)
  A polar bear (D:10)
  A blink frog (Lair:1)
  A shadow (D:12)
  2 wraiths
  2 yaks (D:9)
  A basilisk (D:12)
  A warg (D:10)
  2 water moccasins (Lair:1)
  3 ice beasts
  3 orc warriors
  An ogre (shapeshifter) (D:11)
  4 centaurs
  An ogre (D:6)
  4 bullfrogs
  11 killer bees
  2 howler monkeys (D:12)
  2 electric eels (Lair:1)
  2 orc priests
  4 orc wizards
  A hell rat (Lair:1)
  A gnoll (D:9)
  2 white imps (D:10)
  3 ufetubi
  11 orcs
  A ball python (D:4)
  2 goblins (D:13)
  A kobold (D:7)
82 creatures vanquished.

Vanquished Creatures (others)
  An unseen horror zombie (D:11)
  2 death yak zombies (Lair:1)
  3 blink frog zombies (Lair:1)
  2 vampire mosquito zombies (D:13)
  A spectral centaur (Lair:1)
  A water moccasin zombie (Lair:1)
  A wyvern zombie (D:8)
  A tengu zombie (D:13)
  2 troll zombies
  2 killer bees (D:11)
  A bullfrog zombie (Lair:1)
  A basilisk zombie (Lair:1)
  6 killer bee zombies
  A hound zombie (D:6)
  2 howler monkey zombies (D:12)
  3 hell rat zombies (Lair:1)
  A spectral electric eel (D:8)
  A steam dragon zombie (D:8)
  A white imp (D:8)
  2 jelly zombies
  2 kobold zombies (D:7)
  14 orc zombies
51 creatures vanquished.

Grand Total: 376 creatures vanquished

Notes
Turn   | Place    | Note
-------+----------+-------------------------------------------
     0 | D:1      | holysushi the Djinni Monk began the quest for the Orb.
     0 | D:1      | Reached XP level 1. HP: 20/20 MP: 0/0
   143 | D:1      | Reached XP level 2. HP: 20/25 MP: 0/0
   261 | D:1      | Found a faded altar of an unknown god.
   579 | D:1      | Reached XP level 3. HP: 30/30 MP: 0/0
   579 | D:1      | Learned a level 1 spell: Summon Small Mammal
  1616 | D:2      | Reached XP level 4. HP: 31/35 MP: 0/0
  1885 | D:3      | Found Sysoinab's Weapon Boutique.
  1918 | D:3      | Noticed Natasha
  1935 | D:2      | Killed Natasha
  1936 | D:2      | Reached skill level 1 in Spellcasting
  1936 | D:2      | Reached skill level 1 in Conjurations
  1936 | D:2      | Reached skill level 1 in Hexes
  1936 | D:2      | Reached skill level 1 in Summonings
  1936 | D:2      | Reached skill level 1 in Necromancy
  1936 | D:2      | Reached skill level 1 in Translocations
  1936 | D:2      | Reached skill level 1 in Transmutations
  1936 | D:2      | Reached skill level 1 in Fire Magic
  1936 | D:2      | Reached skill level 1 in Ice Magic
  1936 | D:2      | Reached skill level 1 in Air Magic
  1936 | D:2      | Reached skill level 1 in Earth Magic
  1936 | D:2      | Reached skill level 1 in Poison Magic
  2199 | D:3      | Reached XP level 5. HP: 40/40 MP: 0/0
  2199 | D:3      | Learned a level 2 spell: Blink
  2326 | D:3      | Noticed Robin
  2335 | D:3      | Killed Robin
  2733 | D:4      | Reached XP level 6. HP: 46/46 MP: 0/0
  2775 | D:4      | Reached skill level 5 in Dodging
  3010 | D:4      | Reached XP level 7. HP: 30/50 MP: 0/0
  3010 | D:4      | Learned a level 2 spell: Wereblood
  3120 | D:4      | Noticed Eustachio
  3261 | D:4      | Banished Eustachio
  3412 | D:4      | Found a runed translucent gate.
  3412 | D:4      | Found a runed translucent gate.
  3412 | D:4      | Found a runed translucent gate.
  3412 | D:4      | Noticed BlueFish's ghost (amateur OpFi)
  3418 | D:4      | Found a basalt altar of Yredelemnul.
  3436 | D:4      | Became a worshipper of Yredelemnul the Dark
  3436 | D:4      | Reached * piety under Yredelemnul
  3436 | D:4      | Reached ** piety under Yredelemnul
  3552 | D:4      | Found the +7 Throatcutter {drain, coup de grace}
  3686 | D:4      | Reached *** piety under Yredelemnul
  3790 | D:4      | Found a bloodstained altar of Trog.
  4091 | D:5      | Entered Level 5 of the Dungeon
  4129 | D:5      | Reached skill level 1 in Invocations
  4194 | D:5      | Found a staircase to the Ecumenical Temple.
  4372 | D:5      | Reached XP level 8. HP: 49/56 MP: 0/0
  5456 | D:5      | Reached skill level 1 in Shields
  5863 | D:6      | Reached skill level 1 in Evocations
  5863 | D:6      | Reached XP level 9. HP: 27/60 MP: 0/0
  5863 | D:6      | Learned a level 3 spell: Frozen Ramparts
  6073 | D:6      | Reached skill level 5 in Spellcasting
  6073 | D:6      | Reached skill level 5 in Conjurations
  6073 | D:6      | Reached skill level 5 in Hexes
  6073 | D:6      | Reached skill level 5 in Summonings
  6073 | D:6      | Reached skill level 5 in Necromancy
  6073 | D:6      | Reached skill level 5 in Translocations
  6073 | D:6      | Reached skill level 5 in Transmutations
  6073 | D:6      | Reached skill level 5 in Fire Magic
  6073 | D:6      | Reached skill level 5 in Ice Magic
  6073 | D:6      | Reached skill level 5 in Air Magic
  6073 | D:6      | Reached skill level 5 in Earth Magic
  6073 | D:6      | Reached skill level 5 in Poison Magic
  6341 | D:6      | Found an opulent altar of Gozag.
  6748 | D:6      | Reached **** piety under Yredelemnul
  6973 | D:7      | Identified the +6 flail "Buewair" {flame, Contam Int+4}
  7061 | D:7      | Found a glowing golden altar of the Shining One.
  7062 | D:7      | Found a shadowy altar of Dithmenos.
  7063 | D:7      | Found a shimmering altar of Xom.
  7278 | D:7      | Found Vupadwugio's Distillery.
  7283 | D:7      | Reached XP level 10. HP: 67/67 MP: 0/0
  7286 | D:7      | Bought a potion of attraction for 39 gold pieces
  7286 | D:7      | Bought a potion of curing for 39 gold pieces
  7475 | D:7      | Noticed Maggie
  7483 | D:7      | Killed Maggie
  7744 | D:8      | Found a burning altar of Makhleb.
  8159 | D:8      | Reached skill level 10 in Dodging
  9320 | D:8      | Identified the amulet "Jemmuch" {RegenMP rF++ rC+ Int+4
                  | Stlth+}
  9908 | D:9      | Reached XP level 11. HP: 63/71 MP: 0/0
  9908 | D:9      | Learned a level 4 spell: Flame Wave
 10087 | D:9      | Found a hazy altar of Hepliaklqana.
 10252 | D:9      | Reached ***** piety under Yredelemnul
 10364 | D:9      | Found a blossoming altar of Fedhas.
 10421 | D:9      | Reached skill level 10 in Spellcasting
 10421 | D:9      | Reached skill level 10 in Conjurations
 10421 | D:9      | Reached skill level 10 in Hexes
 10421 | D:9      | Reached skill level 10 in Summonings
 10421 | D:9      | Reached skill level 10 in Necromancy
 10421 | D:9      | Reached skill level 10 in Translocations
 10421 | D:9      | Reached skill level 10 in Transmutations
 10421 | D:9      | Reached skill level 10 in Fire Magic
 10421 | D:9      | Reached skill level 10 in Ice Magic
 10421 | D:9      | Reached skill level 10 in Air Magic
 10421 | D:9      | Reached skill level 10 in Earth Magic
 10421 | D:9      | Reached skill level 10 in Poison Magic
 10692 | D:10     | Entered Level 10 of the Dungeon
 10692 | D:10     | Noticed Harold
 10701 | D:10     | Banished Harold
 10753 | D:10     | Found a stormy altar of Qazlal.
 11656 | D:10     | Found a viscous altar of Jiyva.
 11664 | D:10     | Found a staircase to the Lair.
 12500 | D:11     | Noticed Erolcha
 12841 | D:11     | Noticed a green ugly thing
 12848 | D:11     | Banished a green ugly thing
 12849 | D:11     | Reached XP level 12. HP: 76/76 MP: 0/0
 12964 | D:11     | Found a portal to a secret trove of treasure.
 13743 | D:11     | Killed Erolcha
 14660 | D:12     | Found Ymepesmo's Antique Weapon Emporium.
 14686 | D:12     | Found Ytruy's Assorted Antiques.
 14716 | D:12     | Reached skill level 1 in Stealth
 14868 | D:12     | Found Epacaixkon's Weapon Shop.
 14870 | D:12     | Noticed a +0 rapier
 15264 | D:12     | Bought a distressingly furry helmet for 294 gold pieces
 15264 | D:12     | Identified the +2 helmet of Daffodils {Harm rF- Regen+}
                  | (You bought it in a shop on level 12 of the Dungeon)
 15335 | D:12     | Found a staircase to the Orcish Mines.
 15695 | D:13     | Noticed a centaur warrior
 15706 | D:13     | Killed a centaur warrior
 15768 | D:13     | Noticed a centaur warrior
 15774 | D:13     | Killed a centaur warrior
 15801 | D:13     | Found an iron altar of Okawaru.
 15864 | D:13     | Noticed a catoblepas
 15874 | D:13     | Banished a catoblepas
 16034 | D:13     | Identified the +0 scale mail of the World {rN++ Will+ Str+4
                  | Int+3}
 16049 | D:13     | Noticed a centaur warrior
 16054 | D:13     | Noticed a boulder beetle
 16057 | D:13     | Banished a centaur warrior
 16058 | D:13     | Reached XP level 13. HP: 39/81 MP: 0/0
 16058 | D:13     | Learned a level 5 spell: Agony
 16173 | D:13     | Noticed a seven-headed hydra
 16267 | Lair:1   | Entered Level 1 of the Lair of Beasts
 16440 | Lair:1   | Identified the +1 hand axe of Spores {flame, Str+3}
 17436 | Lair:1   | Identified the +0 chain mail "Raucsif" {SInv Stlth+}
 17640 | Lair:1   | Noticed Fannar
 17652 | Lair:1   | Killed Fannar
 18906 | Lair:2   | Noticed a four-headed hydra
 18912 | Lair:2   | Killed a four-headed hydra
 18975 | Lair:2   | HP: 4/81 [cane toad (6)]
 18976 | Lair:2   | Mangled by a black mamba

Illustrated notes

Levels and vault maps discovered:
D:1:      minmay_arrival_semitransparent, layout_basic,
          shapermc_ecumenical_altar_mp_highgroup
D:2:      layout_basic
D:3:      layout_rooms, serial_shops, shop, roderic_lattice_a, uniq_robin,
          uniq_natasha
D:4:      layout_loops_corners, kennysheep_mini_moat,
          nicolae_yredelemnul_ghost_church, hangedman_decor_lopped,
          dilly_guarded_unrand_throatcut, uniq_eustachio
D:5:      layout_basic, tgw_sif, minmay_temple_entry_drinking_statues,
          dk_vineyard_3
D:6:      layout_basic, grunt_gozag_statues, minmay_joined_circles
D:7:      layout_basic, chequers_temple_overflow_statue_of_worship,
          serial_shops, kennysheep_little_box, uniq_maggie
D:8:      minmay_octagon_keep, layout_cave_pods, lemuel_round_altar,
          serial_bayou_lagoon_b
D:9:      layout_cave_pools, mainiacjoe_overflow_six_doors_small,
          mainiacjoe_overflow_small_starburst, statue_in_the_mist_lemuel
D:10:     layout_basic, nicolae_qazlal_general_emergency,
          erik_lair_orcish_takeover, serial_ice, serial_ice_e, serial_ice_i,
          serial_ice_n, serial_ice_c, jiyva_altar_1, uniq_harold
D:11:     layout_irregular_city, enter_trove_2, uniq_erolcha
D:12:     layout_big_octagon, david_orc_4, serial_shops,
          nicolae_shop_mannequins, nicolae_diamond_shop, shop
D:13:     minmay_bloctagon_deflated, layout_loops_ring, erik_vaults_1,
          minivault_25_ag, kennysheep_okawaru_gauntlet
Lair:1:   layout_layer_cave, nicolae_quartered_pool_super, lemuel_fruit_tree,
          uniq_fannar
Lair:2:   layout_concentric_octagons, nicolae_swamp_entry_spooky,
          nicolae_snake_entry_warm_welcome, nzn_random_ring,
          infiniplex_staircase_pool_2, uniq_erica

Skill      XL: |  1  2  3  4  5  6  7  8  9 10 11 12 13 |
---------------+----------------------------------------+-----
Short Blades   | 3 4 |  4.0
Spellcasting   | 1 2 3 4 6 8 11 12 14 | 14.5
Conjurations   | 1 2 3 4 6 8 11 12 14 | 14.5
Hexes          | 1 2 3 4 6 8 11 12 14 | 14.5
Summonings     | 1 2 3 4 6 8 11 12 14 | 14.5
Necromancy     | 1 2 3 4 6 8 11 12 14 | 14.5
Translocations | 1 2 3 4 6 8 11 12 14 | 14.5
Transmutations | 1 2 3 4 6 8 11 12 14 | 14.5
Fire Magic     | 1 2 3 4 6 8 11 12 14 | 14.5
Ice Magic      | 1 2 3 4 6 8 11 12 14 | 14.5
Air Magic      | 1 2 3 4 6 8 11 12 14 | 14.5
Earth Magic    | 1 2 3 4 6 8 11 12 14 | 14.5
Poison Magic   | 1 2 3 4 6 8 11 12 14 | 14.5
Dodging        | 4 5 6 9 10 | 10.0
Invocations    | 1 3 |  3.0
Shields        | 2 |  2.0
Evocations     | 1 2 |  2.0
Stealth        | 4 |  4.0
Fighting       | |  3.0

Action                     |  1- 3 |  4- 6 |  7- 9 | 10-12 | 13-15 || total
---------------------------+-------+-------+-------+-------+-------++-------
  Melee: Short sword       |    25 |       |       |       |       ||    25
         Dagger            |    67 |    85 |   283 |   433 |    69 ||   937
   Cast: Summon Small Mamm |       |       |     2 |       |       ||     2
         Frozen Ramparts   |       |       |       |    20 |    11 ||    31
         Flame Wave        |       |       |       |     5 |       ||     5
         Wereblood         |       |       |       |     1 |       ||     1
         Agony             |       |       |       |       |    34 ||    34
 Invoke: Recall Undead Har |       |       |     1 |    14 |     4 ||    19
         Bind Soul         |       |       |       |     2 |       ||     2
  Evoke: Wand              |       |       |       |    12 |       ||    12
         Phial of floods   |       |       |       |       |     1 ||     1
    Use: Scroll            |       |       |    17 |     6 |     4 ||    27
         Potion            |       |       |       |     1 |     2 ||     3
   Stab: Distracted        |       |       |     2 |     8 |     2 ||    12
         Sleeping          |       |       |       |     5 |     1 ||     6
 Armour: Robe              |    16 |    13 |    49 |     2 |     1 ||    81
         Steam dragon scal |       |       |       |   119 |    20 ||   139
  Dodge: Dodged            |    50 |    45 |   220 |   392 |    71 ||   778
  Block: Buckler           |       |     2 |    73 |   177 |    27 ||   279

Table legend: (Time is in decaauts)
 A = Elapsed time spent in this place.
 B = Non-inter-level travel time spent in this place.
 C = Inter-level travel time spent in this place.
 D = Time resting spent in this place.
 E = Time spent auto-exploring this place.
 F = Levels seen in this place.
 G = Mean time per level.
                   A        B        C        D        E       F      G
               +--------+--------+--------+--------+--------+-----+--------+
         Total |  18840 |  17931 |    909 |   4797 |   9003 |  15 | 1256.0 |
       Dungeon |  16487 |  15636 |    851 |   4674 |   7295 |  13 | 1268.2 |
          Lair |   2353 |   2295 |     58 |    123 |   1708 |   2 | 1176.5 |
               +--------+--------+--------+--------+--------+-----+--------+

Top non-repeatable levels by time:
  Lair:1: 2281 daAuts
     D:8: 2141 daAuts
    D:11: 2051 daAuts
    D:10: 1981 daAuts
     D:6: 1630 daAuts
     D:4: 1541 daAuts
     D:5: 1227 daAuts
     D:1: 1187 daAuts
    D:12: 914 daAuts
     D:7: 892 daAuts
     D:9: 864 daAuts
     D:2: 769 daAuts
    D:13: 647 daAuts
     D:3: 638 daAuts
  Lair:2: 72 daAuts
